 Dungeon Crawl Stone Soup version 0.24.0-37-gcf1ca852f1 (webtiles) character file.

Game seed: 8057243306797262923, levelgen mode: deterministic

148326 RandomHijinx the Earth Mage (level 17, -4/119 HPs)
             Began as a Barachi Earth Elementalist on Dec 5, 2019.
             Was the Champion of Hepliaklqana.
             Slain by a swamp worm (19 damage)
             ... on level 2 of the Swamp on Dec 7, 2019.
             The game lasted 02:23:18 (37185 turns).

RandomHijinx the Earth Mage (BaEE)                 Turns: 37185, Time: 02:23:18

Health: -4/119     AC: 11    Str: 10    XL:     17   Next: 48%
Magic:  26/41      EV: 21    Int: 24    God:    Hepliaklqana [******]
Gold:   577        SH:  0    Dex: 20    Spells: 6/39 levels left

rFire    + + +     SeeInvis .   u - +10 great sword of Extremism {flame, rPois rC+ Int+2 Dex+2}
rCold    + . .     Gourm    .   (shield currently unavailable)
rNeg     . . .     Faith    .   C - +0 troll leather armour
rPois    +         Spirit   .   Q - +1 hat "Nixy" {rF++ Dex+5}
rElec    .         Reflect  .   H - +1 cloak
rCorr    .         Harm     .   J - +2 pair of gloves {archery}
MR       +....                  (no boots)
Stlth    ++........             F - amulet of magic regeneration
HPRegen  0.69/turn              P - ring of protection from fire
MPRegen  0.52/turn              D - ring of magical power

@: can't hop, slow
A: +LOS, swims, reduced essence, slowness 1, strong legs 2
a: Hop, Recall Ancestor, Ancestor Identity, Transference, Idealise, Renounce
Religion


You were on level 2 of the Swamp.
You worshipped Hepliaklqana.
Hepliaklqana was exalted by your worship.
You were not hungry.

You visited 5 branches of the dungeon, and saw 27 of its levels.
You visited 1 bazaar.
You also visited: Ice Cave.

You collected 3243 gold pieces.
You spent 2666 gold pieces at shops.

Inventory:

Hand Weapons
 u - the +10 great sword of Extremism (weapon) {flame, rPois rC+ Int+2 Dex+2}
   (You took it off a vampire on level 14 of the Dungeon)

   It has been specially enchanted to burn those struck by it, causing extra
   injury to most foes and up to half again as much damage against particularly
   susceptible opponents.
   Big, fiery blades are also staple armaments of hydra-hunters.
   It affects your intelligence (+2).
   It affects your dexterity (+2).
   It protects you from cold.
   It protects you from poison.
 I - a +8 vampiric dagger
Missiles
 c - 282 arrows
 s - 3 throwing nets (quivered)
 M - 165 stones
Armour
 l - a +0 buckler
 C - a +0 troll leather armour (worn)
 H - a +1 cloak (worn)
 J - a +2 pair of gloves of archery (worn)
 Q - the +1 hat "Nixy" (worn) {rF++ Dex+5}
   (You found it in an ice cave)

   It affects your dexterity (+5).
   It greatly protects you from fire.
Jewellery
 y - an uncursed ring of protection from cold
 D - a ring of magical power (right hand)
 E - an uncursed ring of wizardry
 F - an amulet of magic regeneration (around neck)
 P - a ring of protection from fire (left hand)
 R - an uncursed ring of protection from magic
 Z - an uncursed ring of positive energy
Wands
 b - a wand of random effects (98)
 v - a wand of flame (41)
 w - a wand of acid (16)
 A - a wand of iceblast (47)
 K - a wand of polymorph (21)
 W - a wand of paralysis (17)
Scrolls
 e - 3 scrolls of identify
 h - a scroll of fear
 i - 9 scrolls of remove curse
 m - 6 scrolls of immolation
 r - 9 scrolls of teleportation
 t - 5 scrolls of magic mapping
 z - a scroll of summoning
 L - 3 scrolls of amnesia
 N - a scroll of vulnerability
Potions
 a - 2 potions of mutation
 f - 12 potions of curing
 j - 4 potions of brilliance
 k - a potion of ambrosia {unknown}
 n - 5 potions of haste
 p - 4 potions of agility
 q - a potion of resistance
 x - 3 potions of flight
 G - a potion of cancellation
 T - a potion of magic {unknown}
 Y - 3 potions of invisibility
Miscellaneous
 g - a phial of floods
 B - a lamp of fire (inert)
 V - 3 phantom mirrors
Comestibles
 d - 17 rations


   Skills:
 + Level 12.0 Fighting
 - Level 10.0 Short Blades
 - Level 5.0 Armour
 + Level 11.7 Dodging
 - Level 1.7 Stealth
 - Level 4.0 Shields
 + Level 11.5 Spellcasting
 - Level 5.0 Conjurations
 * Level 9.4 Charms
 - Level 10.0 Necromancy
 - Level 5.0 Transmutations
 - Level 15.0 Earth Magic
 - Level 8.0 Poison Magic
 - Level 5.0 Invocations


You had 6 spell levels left.
You knew the following spells:

 Your Spells              Type           Power        Failure   Level  Hunger
a - Sandblast             Erth           ######       0%          1    None
b - Passwall              Tmut/Erth      ######..     1%          2    None
c - Stone Arrow           Conj/Erth      ######       1%          3    None
d - Deflect Missiles      Chrm/Air       #####.....   78%         6    #####..
e - Olgreb's Toxic Radia  Pois           ######..     2%          4    None
f - Lee's Rapid Deconstr  Erth           ######....   1%          5    ####...
g - Sticks to Snakes      Tmut           #####...     1%          2    None
h - Borgnjor's Vile Clut  Necr/Erth      ######....   1%          5    ####...
i - Dispel Undead         Necr           ######..     2%          5    ####...

Your spell library contained the following spells:

 Spells                   Type           Power        Failure   Level  Hunger
 Animate Skeleton         Necr           N/A          1%          1    None
 Beastly Appendage        Tmut           #####.       1%          1    None
 Infusion                 Chrm           ####         1%          1    None
 Sting                    Conj/Pois      ####         1%          1    None
 Corpse Rot               Necr           N/A          1%          2    None
 Poisonous Vapours        Pois/Air       ####..       1%          2    None
 Shroud of Golubria       Chrm/Tloc      #####.       1%          2    None
 Song of Slaying          Chrm           ######..     1%          2    None
 Sublimation of Blood     Necr           ######....   1%          2    None
 Regeneration             Chrm/Necr      ######....   1%          3    None
 Spider Form              Tmut/Pois      #####.....   1%          3    None
 Petrify                  Tmut/Erth      ######..     1%          4    None
 Ozocubu's Armour         Chrm/Ice       #####...     2%          3    None
 Spectral Weapon          Hex/Chrm       #####...     2%          3    None
 Agony                    Necr           ######..     2%          5    ####...
 Throw Frost              Conj/Ice       ####..       3%          2    None
 Mephitic Cloud           Conj/Pois/Air  ####....     3%          3    None
 Excruciating Wounds      Chrm/Necr      ######....   3%          5    ####...
 Apportation              Tloc           ##....       6%          1    None
 Confusing Touch          Hex            ##....       6%          1    None
 Corona                   Hex            ##.....      6%          1    None
 Freeze                   Ice            ##..         6%          1    None
 Summon Small Mammal      Summ           ##..         6%          1    None
 Dazzling Spray           Conj/Hex       ####..       6%          3    None
 Bolt of Draining         Conj/Necr      #####.....   8%          5    ####...
 Ensorcelled Hibernation  Hex/Ice        ##....       9%          2    None
 Venom Bolt               Conj/Pois      #####.....   12%         5    ####...
 Confuse                  Hex            ##......     19%         3    None
 Tukima's Dance           Hex            ##......     19%         3    None
 Ice Form                 Ice/Tmut       ####....     22%         4    None
 Throw Icicle             Conj/Ice       ####....     22%         4    None
 Blade Hands              Tmut           #####.....   22%         5    ####...
 Cause Fear               Hex            ##........   52%         4    None
 Summon Ice Beast         Ice/Summ       ##......     52%         4    None
 Yara's Violent Unravell  Hex/Tmut       ####......   52%         5    ####...
 Simulacrum               Ice/Necr       #####.....   75%         6    #####..
 Metabolic Englaciation   Hex/Ice        ##........   86%         5    ####...
 Silence                  Hex/Air        ##........   86%         5    ####...
 Bolt of Cold             Conj/Ice       ####......   97%         6    #####..
 Freezing Cloud           Conj/Ice/Air   ###.......   99%         6    #####..
 Ozocubu's Refrigeration  Ice            ##........   100%        6    #####..
 Discord                  Hex            ##........   100%        8    #######


Dungeon Overview and Level Annotations

Branches:
Dungeon (15/15)            Temple (1/1) D:6            Lair (6/6) D:8
  Swamp (3/4) Lair:2        Snake (0/4) Lair:2        Slime (0/5) Lair:6
    Orc (2/2) D:9             Elf (0/3) Orc:2        Vaults (0/5) D:13
 Depths (0/5) D:15          IceCv (visited)

Altars:
Ashenzari
Cheibriados
Dithmenos
Gozag
Hepliaklqana
Kikubaaqudgha
Nemelex Xobeh
Okawaru
Qazlal
Ru
Uskayaw
Vehumet
Yredelemnul
Zin
The Shining One
Beogh
Jiyva

Shops:
D:5 :   D:13 :   Orc:1 *   Orc:2 ?}?[

Portals:
Trove: D:11 (give +7 demon blade)

Annotations:
Lair:1 3 runed translucent doors, Daor's ghost, journeyman GnSk
Lair:6 1 exclusion
Swamp:1 1 transporter


Innate Abilities, Weirdness & Mutations

Shadows flee at your approach. (+LOS)
You can swim through water.
You cover ground slowly.
You can hop long distances.
Your life essence is reduced to manifest your ancestor. (-10% HP)


Message History

There is a stone staircase leading up, spattered with blood here.
The swamp worm bites you.
* * * LOW HITPOINT WARNING * * *
Tiberius barely misses the swamp worm.
The spriggan rider hits you from afar with a +0 spear.
* * * LOW HITPOINT WARNING * * *
The shadow closely misses Tiberius.
You climb upwards.
There is a stone staircase leading down here.
Unknown command.
Unknown command.
Unknown command.
Unknown command.
Unknown command.
You miss the swamp worm.
The swamp worm is almost dead.
The swamp worm bites you.
* * * LOW HITPOINT WARNING * * *
The swamp worm bites you!!
You die...

.≈≈≈§.≈≈≈...≈.≈≈≈.♣...≈≈≈.♣
..≈≈≈≈≈≈≈...>...≈♣♣♣...≈≈≈♣
..≈≈≈≈≈.♣...≈≈..♣♣≈...≈...♣
<≈≈≈≈≈≈.♣♣≈.≈≈........♣♣♣♣♣
♣≈≈≈≈≈..♣♣♣.≈≈≈≈≈≈...♣♣^.♣
..≈≈..♣♣♣♣♣≈..≈≈≈≈...≈..♣♣
...≈≈≈♣ ♣≈≈♣♣♣≈≈≈≈.♣♣♣♣♣
♣≈.≈♣♣♣ ♣≈..♣♣w≈≈≈.≈♣ ...♣♣
♣♣≈≈♣♣.@.).♣♣
≈≈≈≈♣♣♣♣♣♣♣♣.≈♣...♣≈♣
≈≈≈.♣.....≈♣......♣♣♣
≈≈≈.)..........≈..♣
≈≈≈≈...###.≈....≈≈♣
...≈..##♣.≈..#....♣♣
≈.♣...#≈..♣....#...♣♣
≈.♣.##♣....♣.♣.##...♣♣♣♣♣♣♣
.≈..#...≈.≈.≈..♣#....≈♣...♣


You could see a swamp worm.

Vanquished Creatures
  Jorgrun (Swamp:2)
  Rupert (D:13)
  Gastronok (D:11)
  A thorn hunter (Swamp:2)
  Kirke (D:12)
  A frost giant (shapeshifter) (D:15)
  A ghoul (D:14)
  A stone giant (D:14)
  2 entropy weavers (Lair:6)
  The ghost of Caath the Blocker, a journeyman DrFi of Okawaru (Lair:5)
  A vampire knight (D:14)
  A yaktaur captain (D:14)
  2 rakshasas
  Fannar (D:12)
  A fire dragon (D:14)
  Erolcha (Orc:2)
  A ghost crab (Swamp:2)
  A merfolk avatar (Lair:6)
  10 hydras
  3 centaur warriors
  A dancing weapon (D:13)
  A catoblepas (Lair:4)
  13 death yaks
  An ogre mage (Orc:2)
  4 two-headed ogres
  An alligator (Swamp:2)
  2 tengu warriors
  A queen ant (Lair:6)
  2 deep troll earth magi (D:14)
  Nergalle (Orc:2)
  Sonja (D:10)
  Urug (Lair:6)
  A fire crab (Lair:4)
  2 sea snakes
  A spriggan druid (Swamp:2)
  2 skeletal warriors (D:14)
  2 swamp dragons
  An unseen horror (D:14)
  A wizard (D:14)
  A harpy (shapeshifter) (D:14)
  An orc knight (Orc:1)
  A harpy (Lair:6)
  5 orc sorcerers (Orc:2)
  A necromancer (IceCv)
  4 oklob plants (Lair:4)
  2 deep elf magi (D:14)
  20 ugly things
  A cyclops (Orc:1)
  7 slime creatures
  A centaur zombie (D:14)
  Maurice (Orc:2)
  4 manticores
  A torpor snail (Lair:5)
  10 elephants
  5 black mambas
  13 spiny frogs
  An ice statue (IceCv)
  3 gargoyles
  A molten gargoyle (D:15)
  A kobold demonologist (D:10)
  An efreet (D:15)
  A komodo dragon (shapeshifter) (D:15)
  5 yaktaurs (D:15)
  3 rime drakes (Lair:6)
  6 komodo dragons
  9 freezing wraiths (IceCv)
  2 queen bees
  3 trolls
  3 tyrant leeches
  3 meliai (Lair:4)
  A wolf spider simulacrum (IceCv)
  8 hornets
  A polar bear (Lair:4)
  A wind drake (Lair:6)
  A snapping turtle (shapeshifter) (D:14)
  11 hippogriffs
  8 blink frogs
  7 dream sheep (Lair:6)
  7 bog bodies
  2 shadows
  A wyvern (D:11)
  2 vampires (D:14)
  5 spriggans
  A tarantella (shapeshifter) (D:15)
  6 hogs (D:12)
  31 yaks
  4 basilisks
  A hungry ghost (D:12)
  5 swamp worms
  10 vampire mosquitoes
  A warg (Orc:1)
  2 death yak simulacra (IceCv)
  24 soldier ants
  A hell hound (Lair:3)
  An acid dragon (D:13)
  25 water moccasins
  5 porcupines
  Duvessa (D:6)
  5 swamp drakes
  A hornet zombie (D:12)
  2 black bears
  11 orc warriors
  2 slaves
  11 ice beasts
  3 eyes of draining (D:12)
  4 sky beasts
  2 necrophages
  5 boggarts (D:15)
  15 ogres
  9 wolves
  4 centaurs
  17 crocodiles
  A big kobold (D:12)
  14 bullfrogs
  A bullfrog (shapeshifter) (D:15)
  A gnoll sergeant (D:11)
  2 wyvern zombies (D:11)
  Dowan (D:6)
  A scorpion (D:11)
  An elephant simulacrum (IceCv)
  57 killer bees
  7 wights
  2 electric eels (D:8)
  4 howler monkeys
  A crimson imp (D:4)
  2 draconian simulacra (IceCv)
  8 hounds
  A bullfrog zombie (D:7)
  2 centaur skeletons
  Crazy Yiuf (D:6)
  3 jellies
  9 orc priests
  3 bullfrog skeletons
  35 orc wizards
  5 iguanas
  21 worker ants
  4 troll simulacra (IceCv)
  A hound zombie (D:10)
  2 mummies (D:14)
  17 gnolls
  9 adders
  6 naga simulacra (IceCv)
  7 ogre simulacra (IceCv)
  5 shadow imps
  11 white imps (IceCv)
  A worm (D:3)
  3 dart slugs
  6 leopard geckos
  76 orcs
  5 bats
  6 giant cockroaches
  7 goblins
  10 hobgoblins
  21 jackals
  20 kobolds
  7 quokkas
  3 ball pythons
  7 frilled lizards
  A giant cockroach zombie (D:5)
  A goblin skeleton (D:4)
  2 goblin zombies (D:4)
  3 hobgoblin zombies (D:4)
  A kobold skeleton (D:4)
  A kobold zombie (D:4)
  A leopard gecko zombie (D:5)
  2 orc zombies (D:4)
  A quokka zombie (D:6)
  10 rats
  3 fungi (Lair:6)
  4 plants
903 creatures vanquished.

Vanquished Creatures (collateral kills)
  A storm dragon (D:14)
  A hydra (Lair:4)
  Harold (D:11)
  A dancing weapon (D:13)
  A death yak (Lair:5)
  A harpy (Lair:6)
  2 unseen horrors (D:14)
  An orc knight (Orc:1)
  2 orc sorcerers (Orc:2)
  Pikel (D:6)
  A centaur zombie (D:13)
  3 elephants
  A black mamba (Lair:2)
  3 spiny frogs
  A centaur skeleton (D:12)
  A torpor snail (Lair:2)
  5 rime drakes
  A komodo dragon (Lair:5)
  A freezing wraith (IceCv)
  A wind drake (Lair:1)
  A wind drake (shapeshifter) (D:15)
  A blink frog (Lair:4)
  A hippogriff (D:9)
  2 wyverns (Lair:6)
  11 yaks
  A shadow (D:14)
  A hog (D:12)
  A soldier ant (Lair:6)
  A hell hound (Lair:3)
  8 water moccasins
  A slave (D:6)
  6 orc warriors
  An ice beast (D:10)
  A black bear (D:7)
  A necrophage (D:12)
  A phantom (D:13)
  A wolf (Lair:2)
  2 ogres
  4 bullfrogs
  A big kobold (D:11)
  Blork the orc (D:6)
  8 killer bees
  An electric eel (D:8)
  A bullfrog zombie (D:6)
  A crimson imp (D:10)
  An orc priest (D:6)
  A jelly (D:13)
  7 orc wizards
  A hell rat (Lair:4)
  2 worker ants
  A centaur simulacrum (IceCv)
  A gnoll (D:8)
  An adder (Lair:2)
  A white imp (IceCv)
  8 orcs
  A ball python (Lair:2)
  A giant cockroach (D:6)
  A jackal (D:5)
116 creatures vanquished.

Vanquished Creatures (others)
  A porcupine (Lair:4)
  An orc wizard (Orc:2)
  40 hexers
  3 ancestors (D:7)
  2 briar patches (Swamp:2)
  A fire vortex (D:15)
  18 fungi
  23 plants
  6 toadstools (Swamp:2)
  A withered plant (D:14)
96 creatures vanquished.

Grand Total: 1115 creatures vanquished

Notes
Turn   | Place    | Note
-------+----------+-------------------------------------------
     0 | D:1      | RandomHijinx the Barachi Earth Elementalist began the quest
                  | for the Orb.
     0 | D:1      | Reached XP level 1. HP: 13/13 MP: 3/3
   401 | D:1      | Reached XP level 2. HP: 10/20 MP: 0/5
   616 | D:1      | Learned a level 2 spell: Passwall
   637 | D:1      | Reached skill level 1 in Fighting
   899 | D:1      | Reached XP level 3. HP: 22/26 MP: 6/6
   904 | D:1      | Learned a level 3 spell: Stone Arrow
  2195 | D:2      | Reached XP level 4. HP: 33/33 MP: 8/8
  2255 | D:2      | Reached skill level 1 in Conjurations
  2255 | D:2      | Reached skill level 4 in Earth Magic
  2292 | D:2      | Found a glowing golden altar of the Shining One.
  2754 | D:3      | Found a hazy altar of Hepliaklqana.
  2827 | D:3      | Reached XP level 5. HP: 14/38 MP: 7/9
  3501 | D:3      | Found a faded altar of an unknown god.
  3921 | D:4      | Found a glowing golden altar of the Shining One.
  4044 | D:4      | Noticed an ogre
  4049 | D:4      | Killed an ogre
  4049 | D:4      | Reached skill level 5 in Earth Magic
  4049 | D:4      | Reached XP level 6. HP: 47/47 MP: 5/11
  4418 | D:4      | Found a glowing silver altar of Zin.
  4444 | D:4      | Found an iron altar of Okawaru.
  4696 | D:3      | Became a worshipper of Hepliaklqana the Forgotten
  4771 | D:5      | Entered Level 5 of the Dungeon
  4864 | D:5      | Reached XP level 7. HP: 46/46 MP: 9/12
  5431 | D:5      | Reached skill level 6 in Earth Magic
  5725 | D:5      | Reached XP level 8. HP: 54/54 MP: 0/14
  5800 | D:5      | Found a snail-covered altar of Cheibriados.
  5901 | D:5      | Found Masal's Book Emporium.
  5942 | D:5      | Found a hide-covered altar of Uskayaw.
  6094 | D:5      | Found a stormy altar of Qazlal.
  6581 | D:6      | Reached skill level 5 in Fighting
  6581 | D:6      | Reached skill level 7 in Earth Magic
  6635 | D:6      | Found a staircase to the Ecumenical Temple.
  6635 | D:6      | Reached * piety under Hepliaklqana
  6636 | D:6      | Noticed Pikel
  6642 | D:6      | Reached skill level 5 in Spellcasting
  6715 | D:6      | Found a shattered altar of Ashenzari.
  6733 | D:6      | Reached skill level 1 in Shields
  6856 | D:6      | Noticed Duvessa
  6856 | D:6      | Noticed Dowan
  6867 | D:6      | Killed Duvessa
  6878 | D:6      | Killed Dowan
  6878 | D:6      | Reached skill level 5 in Conjurations
  6878 | D:6      | Reached skill level 1 in Invocations
  6884 | D:6      | Learned a level 4 spell: Petrify
  6889 | D:6      | Learned a level 4 spell: Olgreb's Toxic Radiance
  6979 | D:6      | Reached XP level 9. HP: 58/61 MP: 9/16
  7614 | Temple   | Entered the Ecumenical Temple
  7814 | D:6      | Killed Pikel
  7814 | D:6      | Reached skill level 8 in Earth Magic
  7886 | D:6      | Noticed Blork the orc
  7898 | D:6      | Killed Blork the orc
  8063 | D:6      | Found a runed translucent door.
  8064 | D:6      | Noticed Crazy Yiuf
  8206 | D:6      | Killed Crazy Yiuf
  8777 | D:7      | Reached skill level 9 in Earth Magic
  9001 | D:7      | Noticed a two-headed ogre
  9531 | D:7      | Found a sparkling altar of Nemelex Xobeh.
  9892 | D:7      | Killed a two-headed ogre
  9892 | D:7      | Reached XP level 10. HP: 66/66 MP: 1/17
 10016 | D:7      | Found a sparkling altar of Nemelex Xobeh.
 10517 | D:8      | Reached skill level 10 in Earth Magic
 10694 | D:8      | Reached ** piety under Hepliaklqana
 10706 | D:8      | Found a staircase to the Lair.
 10711 | D:8      | Reached skill level 5 in Transmutations
 10738 | D:8      | Remembered your ancestor Tiberius as a hexer
 11454 | D:8      | Found a basalt altar of Yredelemnul.
 11719 | D:8      | Found an opulent altar of Gozag.
 11721 | D:8      | Found a sacrificial altar of Ru.
 11724 | D:8      | Found a shadowy altar of Dithmenos.
 11726 | D:8      | Found an ancient bone altar of Kikubaaqudgha.
 11810 | D:8      | Learned a level 5 spell: Lee's Rapid Deconstruction
 11975 | D:9      | Reached skill level 1 in Poison Magic
 12023 | D:9      | Found a staircase to the Orcish Mines.
 12246 | D:9      | Reached *** piety under Hepliaklqana
 12677 | D:10     | Entered Level 10 of the Dungeon
 12687 | D:10     | Noticed Sonja
 12700 | D:10     | Reached skill level 5 in Invocations
 12701 | D:10     | Killed Sonja
 12994 | D:10     | Reached skill level 5 in Dodging
 13100 | D:10     | Reached skill level 5 in Poison Magic
 13146 | D:10     | Reached XP level 11. HP: 71/71 MP: 9/18
 13289 | D:10     | Found a hazy altar of Hepliaklqana.
 13776 | Lair:1   | Entered Level 1 of the Lair of Beasts
 13977 | Lair:1   | Found a runed translucent gate.
 13977 | Lair:1   | Found a runed translucent gate.
 13977 | Lair:1   | Found a runed translucent gate.
 13980 | Lair:1   | Noticed a death ooze
 13981 | Lair:1   | Noticed Daor's ghost (journeyman GnSk)
 14360 | Lair:1   | Reached **** piety under Hepliaklqana
 14570 | Lair:1   | Reached skill level 1 in Short Blades
 14744 | Lair:1   | Noticed a six-headed hydra
 14775 | Lair:1   | Killed a six-headed hydra
 15295 | Lair:1   | Found a viscous altar of Jiyva.
 15502 | Lair:2   | Reached XP level 12. HP: 48/82 MP: 14/22
 15503 | Lair:2   | Noticed a six-headed hydra
 15738 | Lair:2   | You fall into a shaft and drop 1 floor!
 15829 | Lair:3   | Noticed a death yak
 15995 | Lair:2   | Killed a six-headed hydra
 16069 | Lair:2   | Found a staircase to the Swamp.
 16107 | Lair:2   | Learned a level 2 spell: Sticks to Snakes
 16176 | Lair:2   | Found a staircase to the Snake Pit.
 16820 | Lair:2   | Identified a scroll of acquirement
 16823 | Lair:2   | Got a vibrating brass ring
 16825 | Lair:2   | Identified the ring of Birdsong {MR- MP+9 Str+4 Slay+2}
                  | (You acquired it on level 2 of the Lair of Beasts)
 16940 | Lair:2   | Killed a death yak
 17009 | Lair:2   | Reached skill level 5 in Short Blades
 17052 | Lair:3   | Reached skill level 11 in Earth Magic
 17159 | Lair:3   | Noticed a four-headed hydra
 17164 | Lair:3   | Killed a four-headed hydra
 17206 | Lair:3   | Reached ***** piety under Hepliaklqana
 17850 | Lair:4   | Noticed a six-headed hydra
 17860 | Lair:4   | Killed a six-headed hydra
 17981 | Lair:4   | Reached skill level 10 in Fighting
 18049 | Lair:4   | Gained mutation: You can hop long distances. [Barachi
                  | growth]
 18049 | Lair:4   | Reached XP level 13. HP: 88/92 MP: 7/25
 18187 | Lair:4   | Reached skill level 1 in Armour
 19183 | Lair:4   | Reached skill level 12 in Earth Magic
 19802 | Lair:4   | Reached skill level 10 in Spellcasting
 19935 | D:5      | Bought the Incunabulum of Kismet for 872 gold pieces
 19943 | D:5      | Learned a level 5 spell: Borgnjor's Vile Clutch
 20315 | Lair:5   | Reached skill level 5 in Armour
 20322 | Lair:5   | Reached skill level 1 in Necromancy
 20329 | Lair:5   | Found a runed translucent door.
 20329 | Lair:5   | Noticed Caath's ghost (journeyman DrFi)
 21056 | Lair:5   | Reached XP level 14. HP: 97/99 MP: 19/28
 22031 | Lair:6   | Entered Level 6 of the Lair of Beasts
 22041 | Lair:5   | HP: 2/99 [poisoned by a sea snake]
 22304 | Lair:5   | Reached skill level 5 in Necromancy
 23142 | Lair:5   | Killed Caath's ghost
 23267 | Lair:6   | Noticed an entropy weaver
 23271 | Lair:6   | Noticed an entropy weaver
 23910 | Lair:6   | Reached skill level 13 in Earth Magic
 23980 | Lair:6   | Killed an entropy weaver
 24155 | Lair:6   | Killed an entropy weaver
 24155 | Lair:6   | Reached skill level 10 in Short Blades
 24609 | Lair:6   | Reached XP level 15. HP: 103/103 MP: 23/29
 25070 | Lair:6   | Noticed Urug
 25149 | Lair:6   | Killed Urug
 25728 | Lair:6   | Found a viscous altar of Jiyva.
 25728 | Lair:6   | Found a staircase to the Slime Pits.
 26212 | Orc:1    | Entered Level 1 of the Orcish Mines
 26221 | Orc:1    | Found a frozen archway.
 26239 | Orc:1    | Found Kiemuru's Assorted Antiques.
 26312 | IceCv    | Entered an ice cave
 26731 | IceCv    | Found an ancient bone altar of Kikubaaqudgha.
 26969 | IceCv    | Got a shimmering hat
 26980 | IceCv    | Identified the +1 hat "Nixy" {rF++ Dex+5} (You found it in
                  | an ice cave)
 27313 | Orc:1    | Found a roughly hewn altar of Beogh.
 27593 | Orc:1    | Bought a scroll of enchant armour for 225 gold pieces
 27727 | Orc:2    | Entered Level 2 of the Orcish Mines
 27727 | Orc:2    | Found a staircase to the Elven Halls.
 28486 | Orc:2    | Noticed Maurice
 28495 | Orc:2    | Killed Maurice
 28616 | Orc:2    | Found Ocemoxt's Gadget Boutique.
 28616 | Orc:2    | Paralysed by an orc sorcerer for 7 turns
 28649 | Orc:2    | Found an ancient bone altar of Kikubaaqudgha.
 28649 | Orc:2    | Noticed Nergalle
 28665 | Orc:2    | Killed Nergalle
 28740 | Orc:2    | Noticed Erolcha
 28740 | Orc:2    | Paralysed by an orc sorcerer for 5 turns
 28750 | Orc:2    | Killed Erolcha
 28753 | Orc:2    | Found a radiant altar of Vehumet.
 28761 | Orc:2    | Paralysed by an orc sorcerer for 6 turns
 28780 | Orc:2    | Found Fevvujy's Antique Armour Shop.
 28790 | Orc:2    | Bought a pair of embroidered gloves for 187 gold pieces
 28955 | Orc:2    | Found a roughly hewn altar of Beogh.
 28956 | Orc:2    | Found Wympif's Magic Scroll Boutique.
 28956 | Orc:2    | Found Piof's Magic Scroll Shop.
 29025 | Orc:2    | Bought a scroll of enchant armour for 97 gold pieces
 29039 | Orc:2    | Bought 3 scrolls of magic mapping for 115 gold pieces
 29070 | Orc:2    | Bought a lamp of fire for 520 gold pieces
 29335 | D:11     | Found a portal to a secret trove of treasure.
 29390 | D:11     | Reached ****** piety under Hepliaklqana
 29477 | D:11     | Reached skill level 14 in Earth Magic
 29559 | D:11     | Reached skill level 10 in Necromancy
 29649 | D:11     | Noticed Gastronok
 29657 | D:11     | Killed Gastronok
 29794 | D:11     | Noticed Harold
 29803 | D:11     | Killed Harold
 29903 | D:11     | Reached skill level 10 in Dodging
 30238 | D:12     | Noticed Kirke
 30257 | D:12     | Killed Kirke
 30257 | D:12     | Reached XP level 16. HP: 109/109 MP: 1/30
 30495 | D:12     | Noticed Fannar
 30505 | D:12     | Killed Fannar
 30724 | D:12     | Learned a level 5 spell: Dispel Undead
 30748 | D:12     | Reached skill level 15 in Earth Magic
 30908 | D:5      | Bought a book of Enchantments for 650 gold pieces
 30916 | D:5      | Learned a level 6 spell: Deflect Missiles
 31454 | D:12     | Found a gateway to a bazaar.
 31463 | Bazaar   | Entered a bazaar
 31463 | Bazaar   | Found Zius's Weapon Emporium.
 31463 | Bazaar   | Found Fauthris's Gadget Shoppe.
 31490 | Bazaar   | Found Daoxaczeaj's Food Shoppe.
 31506 | Bazaar   | Found Xeuf's Book Boutique.
 31516 | Bazaar   | Found Uwnuc's Distillery.
 31611 | D:13     | Reached skill level 1 in Charms
 31902 | D:13     | Found Beuniun's Book Shop.
 31911 | D:13     | Found a gate to the Vaults.
 31915 | D:13     | Noticed Rupert
 31931 | D:13     | Killed Rupert
 32421 | D:14     | Identified the +10 great sword of Extremism {flame, rPois
                  | rC+ Int+2 Dex+2}
 32455 | D:14     | Paralysed by something for 2 turns
 32704 | D:14     | Reached skill level 5 in Charms
 32881 | D:14     | Found the +8 glaive of the Guard {elec, +Rage AC+5 SInv}
 33125 | D:14     | Found a runed translucent door.
 33791 | D:14     | Noticed a storm dragon
 33800 | D:14     | Killed a storm dragon
 33955 | D:14     | Identified the Papyrus of Ice
 33992 | D:15     | Entered Level 15 of the Dungeon
 34282 | D:15     | Reached XP level 17. HP: 96/117 MP: 24/31
 34871 | D:15     | Found a staircase to the Depths.
 35290 | Swamp:1  | Entered Level 1 of the Swamp
 35429 | Swamp:1  | Found a transporter.
 36512 | Swamp:2  | Noticed Jorgrun
 36523 | Swamp:2  | Killed Jorgrun
 37185 | Swamp:2  | Slain by a swamp worm

Levels and vault maps discovered:
D:1:      sevenhm_arrival_forest_fort_small_5, layout_loops_ring,
          minmay_misc_feat_ornament
D:2:      layout_basic, serial_glass, glass_columns_a, glass_columns_a,
          item_on_display_a, due_unseen_surprise, lemuel_tele_altar
D:3:      layout_loops_ring, lemuel_coloured_pillars_altar,
          chequers_ecumenical_altar_lobes, first_ration
D:4:      layout_gridville, nicolae_tso_besieged_by_evil,
          nicolae_overflow_crystal_walls, old_standard_altar, wad_orctagon
D:5:      layout_cave_pools, eat_drink_and_be_merry_uskayaw,
          kennysheep_slug_shrine, kennysheep_mini, serial_shops,
          nicolae_shop_competitors_out_of_business,
          minmay_a_box_with_orc_wizards_in_it
D:6:      layout_rooms, minmay_temple_entry_ruins, basic_altar,
          kennysheep_generic_room_6, uniq_blork_the_orc, uniq_pikel,
          uniq_duvessa, uniq_crazy_yiuf_cottage
D:7:      layout_loops_ring, old_standard_altar
D:8:      layout_rooms, minitemple, lemuel_round_altar, erik_lair_island
D:9:      layout_irregular_city, orc_0_dummy
D:10:     layout_basic, basic_altar, grunt_pizzeria,
          minmay_misc_feat_four_crosses, uniq_sonja
D:11:     layout_irregular_city, nicolae_trove_entry_free_sample,
          uniq_gastronok, uniq_harold
D:12:     layout_long_grid, serial_shops, bzr_entry_safe, uniq_fannar,
          uniq_kirke
D:13:     layout_cave_pools, erik_vaults_1, serial_shops, nicolae_shop_stone,
          uniq_rupert
D:14:     minmay_guarded_unrand_guard, layout_loops_ring, serial_undead,
          serial_undead_e, serial_undead_d, serial_undead_b, serial_undead_d,
          minmay_misc_feat_alley, minivault_13
D:15:     gammafunk_enter_depths_forms, layout_rooms, kennysheep_crisscross
Temple:   kb_corrupted_temple
Lair:1:   wander_river, layout_cave_pods, special_room [special_room_bee],
          gammafunk_ghost_ooze, serial_bayou_ford_a, columned_hall_lemuel,
          patterned_corridor
Lair:2:   layout_concentric_octagons, minmay_swamp_entry_swarm,
          minmay_snake_entry_six_corridors
Lair:3:   layout_misc_corridors, enter_volcano_3, serial_bayou_shore_b,
          infiniplex_staircase_pool
Lair:4:   regret_index_combs_of_tragedy, layout_long_grid, grunt_megastairs_1,
          lemuel_fruit_tree, minmay_lair_oklob_chamber
Lair:5:   layout_misc_corridors, hellmonk_ghost_happy_afterlife,
          grunt_megastairs_3, infiniplex_staircase_pool_2
Lair:6:   gammafunk_lair_ancient_temple, layout_concentric_octagons,
          slime_altar_1, minivault_29, uniq_urug
Swamp:1:  gammafunk_the_bubble [the_bubble_gammafunk_crates],
          layout_basic_swamp, nicolae_swamp_little_tower
Swamp:2:  cheibrodos_swamp_tower_of_moss, layout_basic_swamp,
          nicolae_swamp_dense_foliage, swamp_pool5, uniq_jorgrun
Swamp:3:  layout_falls_marsh, evilmike_swamp_ruin_house_1, swamp_pool1
Orc:1:    layout_caves, portal_ice_cave_entry_pillars_1, serial_shops,
          nicolae_shop_competitors_out_of_business, basic_altar
Orc:2:    kennysheep_orc_mage_school, layout_caves, uniq_maurice

Skill      XL: |  1  2  3  4  5  6  7  8  9 10 11 12 13 14 15 16 17 |
---------------+----------------------------------------------------+-----
Fighting       | 1 2 3 4 5 8 10 11 12 | 12.0
Conjurations   | 1 2 3 5 |  5.0
Earth Magic    | 4 5 6 7 9 10 11 12 13 14 15 | 15.0
Spellcasting   | 3 4 5 7 8 10 11 | 11.5
Shields        | 2 4 |  4.0
Invocations    | 1 4 5 |  5.0
Transmutations | 4 5 |  5.0
Dodging        | 5 7 10 11 | 11.7
Poison Magic   | 5 8 |  8.0
Short Blades   | 2 6 8 10 | 10.0
Armour         | 5 |  5.0
Necromancy     | 3 7 10 | 10.0
Charms         | 7 9 |  9.4
Stealth        | |  1.7

Action                   |  1- 3 |  4- 6 |  7- 9 | 10-12 | 13-15 | 16-18 || total
-------------------------+-------+-------+-------+-------+-------+-------++-------
Melee: Unarmed           |    38 |       |       |       |       |       ||    38
       Hunting sling     |       |     1 |       |       |       |       ||     1
       Dagger            |       |    13 |   106 |   145 |   323 |   307 ||   894
       Whip              |       |       |    36 |       |       |       ||    36
       Great sword       |       |       |       |       |       |     1 ||     1
 Fire: Hunting sling     |   108 |    94 |       |       |       |       ||   202
Throw: Stone             |     3 |       |       |       |       |       ||     3
       Throwing net      |       |       |       |     1 |       |       ||     1
 Cast: Sandblast         |    22 |    57 |    52 |    13 |    10 |       ||   154
       Stone Arrow       |       |     2 |    88 |   258 |   466 |   158 ||   972
       Petrify           |       |       |    20 |     9 |       |       ||    29
       Olgreb's Toxic Ra |       |       |       |    27 |    54 |     9 ||    90
       Lee's Rapid Decon |       |       |       |    15 |     8 |    23 ||    46
       Passwall          |       |       |       |     1 |       |       ||     1
       Borgnjor's Vile C |       |       |       |       |   144 |    94 ||   238
       Dispel Undead     |       |       |       |       |       |    27 ||    27
       Sticks to Snakes  |       |       |       |       |       |     5 ||     5
Invok: Recall Ancestor   |       |       |     6 |     5 |     6 |       ||    17
       Ancestor Life: He |       |       |       |     1 |       |       ||     1
 Abil: Hop               |       |       |     5 |    10 |    15 |     5 ||    35
Evoke: Wand              |       |       |     4 |     6 |     6 |     9 ||    25
       Lamp of fire      |       |       |       |       |       |     2 ||     2
  Use: Potion            |     2 |     1 |     1 |     3 |     5 |     4 ||    16
       Scroll            |       |     9 |     3 |    14 |    14 |     5 ||    45
 Stab: Petrified         |       |       |    39 |    30 |     2 |       ||    71
       Paralysed         |       |       |     8 |     8 |     7 |     6 ||    29
       Sleeping          |       |       |     2 |       |     1 |     2 ||     5
       Petrifying        |       |       |     1 |       |       |       ||     1
       Invisible         |       |       |       |     2 |       |       ||     2
       Distracted        |       |       |       |     1 |     3 |     4 ||     8
       Confused          |       |       |       |     1 |     2 |     1 ||     4
  Eat: Chunk             |     1 |     6 |    21 |    27 |    35 |    18 ||   108
       Ration            |     1 |     1 |     1 |     5 |    11 |     9 ||    28
Armor: Robe              |    18 |     9 |     5 |       |       |       ||    32
       Skin              |    14 |       |       |       |       |       ||    14
       Leather armour    |       |       |    27 |     4 |       |       ||    31
       Troll leather arm |       |       |       |    41 |   100 |    84 ||   225
Dodge: Dodged            |    85 |    37 |    98 |   163 |   284 |   255 ||   922
Block: Buckler           |       |       |       |    52 |   107 |    57 ||   216
       Rpst.: Great sword |       |       |       |       |       |    14 ||    14
